AoeStats
← ilia topuria

Glade

510599868Analyzed
1v1 RM · 2d ago on Oct 1, 2026· 49m 21s· 2 players
Game mode
Random Map
Map size
Tiny (2 player)
Population
200
Speed
Normal
Resources
Standard
Victory
Conquest
Starting age
Dark Age
Ending age
Imperial Age
RankedLock teamsTeams togetherTeam positionsShared explorationLock speedFull tech treeHidden civsTurbo modeCheats
Victory
Defeat
🇬🇧 Tatars · United Kingdom
1045
+19
🇹🇷 Malians · Türkiye
1101
-19
JacketPaulato
10:46 Feudal Age
12:05 Loom
14:52 Castle Age
14:07 Double-Bit Axe
14:15 Gold Mining
15:30 Fletching
15:45 Horse Collar
21:20 Bodkin Arrow
22:57 Bloodlines
23:55 Husbandry
28:07 Bow Saw
30:08 Wheelbarrow
30:37 Stone Mining
31:08 Scale Barding Armor
37:38 Imperial Age
35:14 Padded Archer Armor
35:51 Town Watch
36:22 Hand Cart
36:29 Ballistics
35:50 Treadmill Crane
37:36 Chain Barding Armor
37:27 Forging
37:34 Leather Archer Armor
41:15 Chemistry
40:24 Siege Engineers
42:20 Heavy Cavalry Archer
45:49 Gold Shaft Mining
46:12 Bracer
46:48 Plate Barding Armor
47:38 Iron Casting
48:22 Conscription
48:27 Silk Armor
48:37 Timurid Siegecraft
49:21 Elite Steppe Lancer
ilia topuria
9:57 Feudal Age
16:49 Castle Age
14:42 Man-at-Arms
16:05 Scale Mail Armor
15:52 Arson
16:02 Loom
16:04 Town Watch
17:19 Long Swordsman
19:07 Squires
19:54 Chain Mail Armor
21:01 Forging
21:04 Pikeman
28:59 Elite Skirmisher
30:36 Fletching
33:19 Padded Archer Armor
35:39 Bodkin Arrow
37:13 Leather Archer Armor
47:22 Horse Collar
Connection lost

Rejoining the realm…

Still unreachable

The connection could not be restored.

Session expired

The server has moved on; the page needs a fresh start.